 Dungeon Crawl Stone Soup version 0.30-a0-373-gd37427bb62 (webtiles) character file.

Game seed: 14342680772797551195

118 dohliylev the Ruffian (level 4, 0/45 HPs)
             Began as a Troll Berserker on Nov 24, 2022.
             Was a Believer of Trog.
             Killed from afar by Ijyb (13 damage)
             ... with a bolt of dispelling energy
             ... on level 3 of the Dungeon.
             The game lasted 00:04:49 (1952 turns).

dohliylev the Ruffian (Troll Berserker)             Turns: 1952, Time: 00:04:49

Health: 0/45       AC:  4    Str: 27    XL:     4   Next: 72%
Magic:  3/3        EV: 10    Int:  3    God:    Trog [**....]
Gold:   58         SH:  0    Dex:  9    Spells: 3/3 levels left

rFire   . . .      SeeInvis .      - Unarmed
rCold   . . .      Faith    .    (no shield)
rNeg    + . .      Spirit   .    a - +0 animal skin
rPois   .          Reflect  .    (helmet restricted)
rElec   .          Harm     .    (no cloak)
rCorr   .          Rampage  .    (gloves unavailable)
Will    .....                    (boots unavailable)
Stlth   +.........               e - amulet of regeneration
HPRegen 1.87/turn                l - ring of positive energy
MPRegen 0.08/turn                (no ring)

@: no status effects
A: large, unfitting armour, claws 3, regeneration 1, shaggy fur 1, tough skin 1
a: Renounce Religion, Berserk, Trog's Hand


You were on level 3 of the Dungeon.
You worshipped Trog.
Trog was pleased with you.
You visited 1 branch of the dungeon, and saw 3 of its levels.

You collected 58 gold pieces.

Inventory:

Armour
 a - a +0 animal skin (worn)
Jewellery
 e - an amulet of regeneration (around neck)
 l - a ring of positive energy (left claw)
Scrolls
 c - 3 scrolls of identify {unknown}
 f - a scroll of teleportation {unknown}
 g - a scroll of fog {unknown}
 h - a scroll of vulnerability {unknown}
Potions
 b - 4 potions of curing {unknown}
 d - a potion of haste {unknown}
 i - a potion of lignification {unknown}
 j - a potion of brilliance {unknown}
 k - 2 potions of attraction {unknown}


   Skills:
 * Level 3.1 Fighting
 + Level 3.2 Dodging
 + Level 4.2 Unarmed Combat


You had 3 spell levels left.
You didn't know any spells.
Your spell library was empty.

Dungeon Overview and Level Annotations

Branches:
Dungeon (3/15)

Altars:

Annotations:
D:3 Ijyb


Innate Abilities, Weirdness & Mutations

You are too large for most types of armour.
You have claws for hands.
Your natural rate of healing is unusually fast.
You are covered in fur. (AC +1)
You have tough skin. (AC +1)


Message History

Trog accepts your kill.
You scratch the hobgoblin but do no damage.
The hobgoblin barely misses you.
You claw the hobgoblin!
You kill the hobgoblin!
Trog accepts your kill.
Things that are here:
a +0 short sword; 4 stones
Found a stone.
Ijyb and an endoplasm come into view.
Ijyb is wielding a +0 dagger and carrying a wand of quicksilver (10).
Ijyb shouts!
Ijyb zaps a wand.
The bolt of dispelling energy hits the endoplasm!
The endoplasm dies!
The bolt of dispelling energy misses you.
Ijyb zaps a wand.
The bolt of dispelling energy hits you!
Found a scroll labelled YROVESTIDIS.
Ijyb hits you with a +0 dagger.
You scratch Ijyb.
Ijyb is moderately wounded.
Ijyb hits you with a +0 dagger.
You claw Ijyb!
Ijyb is severely wounded.
Ijyb hits you with a +0 dagger.
You scratch Ijyb but do no damage.
Ijyb is severely wounded.
Ijyb screams, "I no like you!"
Ijyb drinks a potion.
Ijyb is healed!
You barely miss Ijyb. Ijyb closely misses you.
You scratch Ijyb but do no damage.
Ijyb zaps a wand.
The bolt of dispelling energy hits you!
You barely miss Ijyb. Ijyb hits you with a +0 dagger.
You claw Ijyb!
Ijyb is heavily wounded.
Ijyb zaps a wand.
The bolt of dispelling energy hits you!
* * * LOW HITPOINT WARNING * * *
You barely miss Ijyb.
Ijyb is heavily wounded.
Ijyb zaps a wand.
The bolt of dispelling energy hits you!
You die...

#.# #)# # #.#
#.#.#.######.# #.#
#............###.#
##...............#
#..####.###.....#
#.. #.# .#
#..####.# ..#
#..#....###...###
#........@g......
#.....####....###
#...... ?#.##
#..(.... .. #
#......... ...
##.......#....#
##..!..###.#.#
#....## .#.#


You could see Ijyb.

Vanquished Creatures
  Terence (D:3)
  3 adders
  A dart slug (D:1)
  An orc (D:3)
  An endoplasm (D:2)
  A giant cockroach (D:1)
  3 goblins
  7 hobgoblins
  10 kobolds
  7 quokkas
  4 ball pythons
  11 bats
  4 frilled lizards
  4 rats
58 creatures vanquished.

Vanquished Creatures (others)
  An endoplasm (D:3)
1 creature vanquished.

Grand Total: 59 creatures vanquished

Notes
Turn   | Place    | Note
-------+----------+-------------------------------------------
     0 | D:1      | dohliylev the Troll Berserker began the quest for the Orb.
     0 | D:1      | Reached XP level 1. HP: 22/22 MP: 0/0
   290 | D:1      | Reached XP level 2. HP: 29/29 MP: 1/1
   391 | D:1      | Reached ** piety under Trog
   787 | D:2      | Reached XP level 3. HP: 36/36 MP: 2/2
  1135 | D:2      | Reached XP level 4. HP: 44/44 MP: 3/3
  1537 | D:3      | Noticed Terence
  1547 | D:3      | Killed Terence
  1548 | D:3      | Reached skill level 4 in Unarmed Combat
  1940 | D:3      | Noticed Ijyb
  1952 | D:3      | Killed from afar by Ijyb

Illustrated notes

Levels and vault maps discovered:
D:1:      psy_arrival_conway, layout_loops_ring
D:2:      layout_basic
D:3:      layout_loops_ring, uniq_ijyb, uniq_terence

Skill      XL: |  1  2  3  4 |
---------------+-------------+-----
Dodging        | 3 |  3.2
Fighting       | 3 |  3.1
Unarmed Combat | 4 |  4.2

Action                   |  1- 3 |  4- 6 || total
-------------------------+-------+-------++-------
Melee: Unarmed           |   136 |    50 ||   186
       Punch             |     1 |       ||     1
Invok: Berserk           |     1 |     1 ||     2
       Trog's Hand       |       |     1 ||     1
 Stab: Sleeping          |     1 |       ||     1
       Distracted        |       |     1 ||     1
Armor: Animal skin       |    58 |    16 ||    74
Dodge: Dodged            |    88 |    23 ||   111

Table legend: (Time is in decaauts)
 A = Elapsed time spent in this place.
 B = Non-inter-level travel time spent in this place.
 C = Inter-level travel time spent in this place.
 D = Time resting spent in this place.
 E = Time spent auto-exploring this place.
 F = Levels seen in this place.
 G = Mean time per level.
                   A        B        C        D        E       F      G
               +--------+--------+--------+--------+--------+-----+--------+
         Total |   1961 |   1913 |     48 |    300 |   1214 |   3 |  653.7 |
       Dungeon |   1961 |   1913 |     48 |    300 |   1214 |   3 |  653.7 |
               +--------+--------+--------+--------+--------+-----+--------+

Top non-repeatable levels by time:
     D:1: 783 daAuts
     D:2: 753 daAuts
     D:3: 423 daAuts
